Devils vs Bruins

Created - December 3, 2019 at 19:25

Goals
1 2 3 T
Devils 0 1 1 2
Bruins 1 0 2 3
Shots
1 2 3 T
Devils 11 13 14 38
Bruins 10 3 21 34

1st period

1. Bruins , Wojtek Wolski 9 (Jason Demers 10, Nathan Horton 6) at 15:22

Penalties :
Wojtek Wolski (Bos) for Slashing (Minor) at 0:19, Kevin Bieksa (Bos) for Hooking (Minor) at 16:54

2nd period

2. Devils , Samuel Morin 1 (Johnny Gaudreau 14, Ryan Johansen 9) at 17:25 (PP)

Penalties :
Jaden Schwartz (NJD) for Holding (Minor) at 2:41, Dave Bolland (Bos) for Goalie Interference (Minor) at 10:18, Wojtek Wolski (Bos) for Holding (Minor) at 14:39, T.J Galiardi (Bos) for Hooking (Minor) at 17:13, Nathan Horton (Bos) for Hooking (Minor) at 18:01

3rd period

3. Bruins , Jonathan Toews 18 (Dave Bolland 7) at 1:49
4. Bruins , T.J Galiardi 3 (Jason Demers 11, Dave Bolland 8) at 12:29
5. Devils , Johnny Gaudreau 9 (Ryan Johansen 10, Nikita Kucherov 10) at 18:49 (PP)

Penalties :
Nikita Kucherov (NJD) for Hooking (Minor) at 1:26, Wojtek Wolski (Bos) for Roughing (Minor) at 1:27, Wojtek Wolski (Bos) for Holding (Minor) at 18:34

Goalie Stats

John Gibson (NJD), 31 saves from 34 shots - (0.912), L, 7-7-1, 58:53 minutes
Kevin Poulin (Bos), 36 saves from 38 shots - (0.947), W, 6-7-1, 60:00 minutes

Players Stats for Devils

Player Name              G  A  P  +/- PIM S  H  SB GA TA FO     MP     PP MP  PK MP  
------------------------------------------------------------------------------------
Anthony Stewart          0  0  0   0  0   0  0  0  0  0  0/1     9:45   0:08   0:36 
Carl Gunnarsson          0  0  0   0  0   0  0  0  0  0  0/0    10:26   0:00   0:00 
Cody Hodgson             0  0  0  -1  0   2  1  1  0  0  15/29  17:57   0:07   0:00 
Jaden Schwartz           0  0  0   0  2   8  1  0  0  0  0/2    20:21   4:33   0:00 
Johnny Gaudreau          1  1  2  -2  0   6  0  0  2  0  1/1    19:26   5:42   0:32 
Kellan Lain              0  0  0  -1  0   2  1  0  0  0  0/0    10:46   0:01   0:00 
Ladislav Smid            0  0  0  -1  0   1  1  1  0  0  0/0    16:26   0:28   1:33 
Marian Hossa             0  0  0  -1  0   0  1  0  0  0  1/2    10:03   0:00   0:00 
Nikita Kucherov          0  1  1   0  2   3  1  0  1  0  2/2    21:36   5:43   0:00 
Pernell Karl Subban      0  0  0   0  0   3  3  1  1  1  0/0    22:09   3:43   1:33 
Rostislav Olesz          0  0  0   0  0   1  1  0  1  0  1/1     9:09   0:07   1:11 
Ryan Johansen            0  2  2  -1  0   2  0  0  0  0  12/22  17:59   5:42   1:11 
Samuel Morin             1  0  1  -2  0   1  2  1  0  0  0/0    25:43   6:22   0:27 
Shea Weber               0  0  0  -2  0   0  0  1  1  0  0/0    22:03   3:33   0:00 
Tobias Enstrom           0  0  0  -1  0   2  0  3  0  0  0/0    23:13   6:40   0:27 
Tyler Bozak              0  0  0   0  0   1  0  0  0  0  1/4     8:26   0:00   0:30 
Tyler Seguin             0  0  0  -1  0   4  0  0  0  0  3/7    14:36   4:33   0:00 
Viktor Arvidsson         0  0  0  -1  0   2  0  0  0  0  1/3    15:56   4:33   0:00 

Players Stats for Bruins

Player Name              G  A  P  +/- PIM S  H  SB GA TA FO     MP     PP MP  PK MP  
------------------------------------------------------------------------------------
Brendan Smith            0  0  0   3  0   4  2  1  0  1  0/0    28:42   1:11   6:01 
Casey Cizikas            0  0  0   0  0   1  0  0  0  0  3/4     8:49   0:00   1:31 
Dave Bolland             0  2  2   2  2   3  1  1  0  0  3/10   11:45   0:00   0:00 
Jason Demers             0  2  2   3  0   2  2  4  0  0  0/0    28:42   1:11   6:01 
Johnny Boychuk           0  0  0   0  0   1  0  0  0  0  0/0    10:06   0:00   0:00 
Jonathan Toews           1  0  1   2  0   6  2  0  1  0  15/32  17:28   1:05   0:21 
Kevin Bieksa             0  0  0   0  2   1  0  1  0  0  0/0    10:29   0:00   0:00 
Kris Chucko              0  0  0   0  0   0  1  0  0  0  0/0     9:49   0:00   2:16 
Mattias Tedenby          0  0  0   0  0   1  0  0  0  0  0/0     7:18   0:00   0:00 
Mike Ribeiro             0  0  0   0  0   1  2  1  0  1  10/15  12:17   0:55   0:00 
Nathan Horton            0  1  1   1  2   6  1  0  0  0  0/2    20:43   0:55   4:51 
Rene Bourque             0  0  0   1  0   0  1  0  0  0  0/0    11:09   0:00   0:00 
Scott Hartnell           0  0  0   0  0   1  1  2  0  0  0/0    15:01   0:55   2:40 
Shane O'Brien            0  0  0   0  0   0  0  0  0  2  0/0    21:12   0:49   4:22 
T.J Galiardi             1  0  1   1  2   1  0  1  0  0  2/3    15:59   0:00   3:09 
Torey Krug               0  0  0   0  0   0  2  0  0  1  0/0    21:12   0:49   4:22 
Victor Oreskovich        0  0  0   0  0   0  3  0  0  0  0/1    16:20   1:05   2:32 
Wojtek Wolski            1  0  1   1  8   6  3  1  0  1  4/7    20:30   1:04   3:26 

3 Stars

1 - Jason Demers (Bos)
2 - Kevin Poulin (Bos)
3 - Jonathan Toews (Bos)

Power Play

Devils - 2 on 8 Attempt(s) - 25.00%
Bruins - 0 on 2 Attempt(s) - 0.00%

Penalty Kill

Devils - 2 on 2 Attempt(s) - 100.00% - Score 0 goal in Penalty Kill
Bruins - 6 on 8 Attempt(s) - 75.00% - Score 0 goal in Penalty Kill

Team Stat

Devils - Hits : 12 - Faceoff Wins : 37 - Blocked Shots : 8 - Penalty Minutes : 4
Bruins - Hits : 21 - Faceoff Wins : 37 - Blocked Shots : 12 - Penalty Minutes : 16

Official

Referees : Unknown
Linesman : Unknown

Game Notes

No Game Note

Finance

Level 1 -- Attendance: 4031 (67.18%) -- Ticket Income $499,844
Level 2 -- Attendance: 4034 (80.68%) -- Ticket Income $302,550
Level 3 -- Attendance: 1503 (75.15%) -- Ticket Income $66,132
Level 4 -- Attendance: 3742 (93.55%) -- Ticket Income $108,518
Luxury Box -- Attendance: 645 (64.50%) -- Ticket Income $141,255
Game was played at the TD Banknorth Garden.
Total Attendance: 13955 (77.53%)
Total Ticket Income: $1,118,299
Other Income: $167,745
Total Income: $1,286,044

Devils

5 vs 5 Forward 
   Center                   Left Wing                Right Wing               Time % Phy DF OF 
 1 Cody Hodgson             Jaden Schwartz           Nikita Kucherov          40     0   2  3  
 2 Ryan Johansen            Johnny Gaudreau          Viktor Arvidsson         30     0   2  3  
 3 Tyler Seguin             Kellan Lain              Marian Hossa             20     0   2  3  
 4 Tyler Bozak              Rostislav Olesz          Anthony Stewart          10     1   2  2  

5 vs 5 Defense 
   Defense                  Defense                                           Time % Phy DF OF 
 1 Samuel Morin             Shea Weber                                        40     1   2  2  
 2 Tobias Enstrom           Pernell Karl Subban                               30     1   2  2  
 3 Ladislav Smid            Carl Gunnarsson                                   20     1   2  2  
 4 Ladislav Smid            Pernell Karl Subban                               10     1   2  2  

PowerPlay Forward 
   Center                   Left Wing                Right Wing               Time % Phy DF OF 
 1 Ryan Johansen            Johnny Gaudreau          Nikita Kucherov          60     0   1  4  
 2 Tyler Seguin             Jaden Schwartz           Viktor Arvidsson         40     0   1  4  

PowerPlay Defense
   Defense                  Defense                                           Time % Phy DF OF 
 1 Tobias Enstrom           Samuel Morin                                      60     1   2  2  
 2 Shea Weber               Pernell Karl Subban                               40     1   2  2  

Penalty Kill 4 Players Forward 
   Center                   Wing                     Time % Phy DF OF 
 1 Ryan Johansen            Rostislav Olesz          60     1   2  2  
 2 Tyler Bozak              Jaden Schwartz           40     1   2  2  

Penalty Kill 4 Players Defense
   Defense                  Defense                  Time % Phy DF OF 
 1 Ladislav Smid            Pernell Karl Subban      60     1   2  2  
 2 Tobias Enstrom           Samuel Morin             40     1   2  2  

Penalty Kill - 3 Players Forward 
   Forward                                           Time % Phy DF OF 
 1 Jaden Schwartz                                    60     1   2  2  
 2 Rostislav Olesz                                   40     1   2  2  

Penalty Kill - 3 Players Defense
   Defense                  Defense                  Time % Phy DF OF 
 1 Samuel Morin             Shea Weber               60     1   2  2  
 2 Tobias Enstrom           Pernell Karl Subban      40     1   2  2  

4 vs 4 Forward 
   Center                   Wing                     Time % Phy DF OF 
 1 Cody Hodgson             Johnny Gaudreau          60     1   2  2  
 2 Ryan Johansen            Jaden Schwartz           40     1   2  2  

4 vs 4 Defense
   Defense                  Defense                  Time % Phy DF OF 
 1 Tobias Enstrom           Ladislav Smid            60     1   2  2  
 2 Samuel Morin             Shea Weber               40     1   2  2  

Last Minutes Offensive
   Center                   Left Wing                Right Wing               Defense                  Defense                  
   Cody Hodgson             Johnny Gaudreau          Viktor Arvidsson         Pernell Karl Subban      Shea Weber               

Last Minutes Defensive
   Center                   Left Wing                Right Wing               Defense                  Defense                  
   Ryan Johansen            Jaden Schwartz           Marian Hossa             Pernell Karl Subban      Shea Weber               

Goaltenders
Starting : John Gibson              
Backup : Keith Kinkaid            

Extra Forwards
Normal : Cody Hodgson, Johnny Gaudreau, Anthony Stewart - PP : Rostislav Olesz, Cody Hodgson - PK : Anthony Stewart
Extra Defensemen
Normal : Ladislav Smid, Carl Gunnarsson, Tobias Enstrom - PP : Ladislav Smid - PK : Carl Gunnarsson, Tobias Enstrom
Penalty Shots
Johnny Gaudreau, Nikita Kucherov, Viktor Arvidsson, Ryan Johansen, Tyler Seguin

Scratches
Travis Hamonic (Left Eye Injury), Brandon Burlon (Suspend)

Bruins

5 vs 5 Forward 
   Center                   Left Wing                Right Wing               Time % Phy DF OF 
 1 Jonathan Toews           Wojtek Wolski            Nathan Horton            40     0   1  4  
 2 Mike Ribeiro             Scott Hartnell           Victor Oreskovich        30     0   2  3  
 3 Dave Bolland             T.J Galiardi             Rene Bourque             20     1   2  2  
 4 Casey Cizikas            Kris Chucko              Mattias Tedenby          10     1   2  2  

5 vs 5 Defense 
   Defense                  Defense                                           Time % Phy DF OF 
 1 Jason Demers             Brendan Smith                                     40     0   3  2  
 2 Shane O'Brien            Torey Krug                                        30     0   3  2  
 3 Johnny Boychuk           Kevin Bieksa                                      20     0   3  2  
 4 Jason Demers             Brendan Smith                                     10     1   2  2  

PowerPlay Forward 
   Center                   Left Wing                Right Wing               Time % Phy DF OF 
 1 Jonathan Toews           Wojtek Wolski            Victor Oreskovich        60     0   1  4  
 2 Mike Ribeiro             Scott Hartnell           Nathan Horton            40     0   1  4  

PowerPlay Defense
   Defense                  Defense                                           Time % Phy DF OF 
 1 Jason Demers             Brendan Smith                                     60     0   2  3  
 2 Shane O'Brien            Torey Krug                                        40     0   2  3  

Penalty Kill 4 Players Forward 
   Center                   Wing                     Time % Phy DF OF 
 1 Wojtek Wolski            Nathan Horton            60     1   3  1  
 2 Victor Oreskovich        Scott Hartnell           40     1   3  1  

Penalty Kill 4 Players Defense
   Defense                  Defense                  Time % Phy DF OF 
 1 Jason Demers             Brendan Smith            60     0   4  1  
 2 Shane O'Brien            Torey Krug               40     0   4  1  

Penalty Kill - 3 Players Forward 
   Forward                                           Time % Phy DF OF 
 1 Wojtek Wolski                                     60     0   4  1  
 2 Jonathan Toews                                    40     0   4  1  

Penalty Kill - 3 Players Defense
   Defense                  Defense                  Time % Phy DF OF 
 1 Jason Demers             Brendan Smith            60     0   5  0  
 2 Shane O'Brien            Torey Krug               40     0   5  0  

4 vs 4 Forward 
   Center                   Wing                     Time % Phy DF OF 
 1 Jonathan Toews           Wojtek Wolski            60     1   2  2  
 2 Mike Ribeiro             Scott Hartnell           40     1   2  2  

4 vs 4 Defense
   Defense                  Defense                  Time % Phy DF OF 
 1 Jason Demers             Brendan Smith            60     1   2  2  
 2 Shane O'Brien            Torey Krug               40     1   2  2  

Last Minutes Offensive
   Center                   Left Wing                Right Wing               Defense                  Defense                  
   Jonathan Toews           Wojtek Wolski            Victor Oreskovich        Jason Demers             Brendan Smith            

Last Minutes Defensive
   Center                   Left Wing                Right Wing               Defense                  Defense                  
   Jonathan Toews           Wojtek Wolski            Victor Oreskovich        Jason Demers             Brendan Smith            

Goaltenders
Starting : Kevin Poulin             
Backup : Josh Tordjman            

Extra Forwards
Normal : Dave Bolland, Rene Bourque, T.J Galiardi - PP : Dave Bolland, Rene Bourque - PK : T.J Galiardi
Extra Defensemen
Normal : Johnny Boychuk, Kevin Bieksa, Shane O'Brien - PP : Johnny Boychuk - PK : Kevin Bieksa, Shane O'Brien
Penalty Shots
Wojtek Wolski, Jonathan Toews, Victor Oreskovich, Scott Hartnell, Mike Ribeiro

Scratches
None


% Time on Ice - Devils

Lines # - Real PCT - Wanted PCT - Time Play
Normal Forward
1 - 37% - 40% - 16:17
2 - 24% - 30% - 10:41
3 - 23% - 20% - 10:03
4 - 17% - 10% - 7:28
Normal Defense
1 - 40% - 40% - 17:42
2 - 27% - 30% - 12:04
3 - 25% - 20% - 10:57
4 - 8% - 10% - 3:46
PP Forward
1 - 56% - 60% - 5:50
2 - 44% - 40% - 4:33
PP Defense
1 - 64% - 60% - 6:40
2 - 36% - 40% - 3:43
PK Forward
1 - 75% - 60% - 1:30
2 - 25% - 40% - 0:30
PK Defense
1 - 78% - 60% - 1:33
2 - 23% - 40% - 0:27
PK3 Forward
1 - 0% - 60%
2 - 0% - 40%
PK3 Defense
1 - 0% - 60%
2 - 0% - 40%
44 Forward
1 - 75% - 60% - 1:28
2 - 25% - 40% - 0:30
44 Defense
1 - 69% - 60% - 1:22
2 - 31% - 40% - 0:36
Last Minute Offensive  - 1:10
Last Minute Defensive  - 0:00
Total
Forward - 60:00
Defense - 60:00

% Time on Ice - Bruins

Lines # - Real PCT - Wanted PCT - Time Play
Normal Forward
1 - 34% - 40% - 15:17
2 - 26% - 30% - 11:26
3 - 24% - 20% - 10:28
4 - 16% - 10% - 7:18
Normal Defense
1 - 41% - 40% - 18:18
2 - 34% - 30% - 15:19
3 - 23% - 20% - 10:06
4 - 2% - 10% - 0:46
PP Forward
1 - 54% - 60% - 1:05
2 - 46% - 40% - 0:55
PP Defense
1 - 59% - 60% - 1:11
2 - 41% - 40% - 0:49
PK Forward
1 - 76% - 60% - 7:51
2 - 24% - 40% - 2:32
PK Defense
1 - 58% - 60% - 6:01
2 - 42% - 40% - 4:22
PK3 Forward
1 - 0% - 60%
2 - 0% - 40%
PK3 Defense
1 - 0% - 60%
2 - 0% - 40%
44 Forward
1 - 100% - 60% - 1:58
2 - 0% - 40% - 0:00
44 Defense
1 - 64% - 60% - 1:16
2 - 36% - 40% - 0:42
Last Minute Offensive  - 0:00
Last Minute Defensive  - 1:10
Total
Forward - 60:00
Defense - 60:00

Play-by-Play

1st period


0:01 of 1st period - Jonathan Toews wins face-off versus Cody Hodgson in neutral zone.
0:04 of 1st period - Snap shot by Nathan Horton.
0:04 of 1st period - Stopped by John Gibson without a rebound.
0:05 of 1st period - Jonathan Toews wins face-off versus Cody Hodgson in Devils zone.
0:19 of 1st period - Minor Penalty to Wojtek Wolski for Slashing.
0:20 of 1st period - T.J Galiardi wins face-off versus Ryan Johansen in Bruins zone.
0:55 of 1st period - Scott Hartnell is hit by Jaden Schwartz and loses puck.
1:18 of 1st period - Snap shot by Torey Krug.
1:18 of 1st period - Shot Misses the Net.
1:20 of 1st period - Snap shot by Nathan Horton.
1:20 of 1st period - Shot Misses the Net.
2:19 of 1st period - Penalty to Wojtek Wolski is over, Wojtek Wolski is back on ice.
3:09 of 1st period - Snap shot by Wojtek Wolski.
3:09 of 1st period - Deflect By Rostislav Olesz.
3:09 of 1st period - Stopped by John Gibson without a rebound.
3:10 of 1st period - Mike Ribeiro wins face-off versus Jaden Schwartz in Devils zone.
3:35 of 1st period - Slapshot by Casey Cizikas.
3:35 of 1st period - Stopped by John Gibson with a rebound.
3:37 of 1st period - Slapshot by Kevin Bieksa.
3:37 of 1st period - Stopped by John Gibson without a rebound.
3:38 of 1st period - Tyler Seguin wins face-off versus Casey Cizikas in Devils zone.
3:47 of 1st period - Snap shot by Kellan Lain.
3:47 of 1st period - Stopped by Kevin Poulin without a rebound.
3:48 of 1st period - Mike Ribeiro wins face-off versus Tyler Seguin in Bruins zone.
4:17 of 1st period - Wrist shot by Nikita Kucherov.
4:17 of 1st period - Stopped by Kevin Poulin without a rebound.
4:18 of 1st period - Cody Hodgson wins face-off versus Dave Bolland in Bruins zone.
4:21 of 1st period - Snap shot by Cody Hodgson.
4:21 of 1st period - Shot Misses the Net.
4:23 of 1st period - Slapshot by Jaden Schwartz.
4:23 of 1st period - Stopped by Kevin Poulin with a rebound.
4:25 of 1st period - Slapshot by Tobias Enstrom.
4:25 of 1st period - Stopped by Kevin Poulin without a rebound.
4:26 of 1st period - Ryan Johansen wins face-off versus Dave Bolland in Bruins zone.
4:59 of 1st period - Wrist shot by Nikita Kucherov.
4:59 of 1st period - Shot Blocked by Scott Hartnell.
5:47 of 1st period - Off-side.
5:48 of 1st period - Mike Ribeiro wins face-off versus Ryan Johansen in neutral zone.
5:51 of 1st period - Ryan Johansen is hit by Torey Krug and loses puck.
6:11 of 1st period - Icing by Scott Hartnell.
6:12 of 1st period - Cody Hodgson wins face-off versus Mike Ribeiro in Bruins zone.
6:15 of 1st period - Snap shot by Jaden Schwartz.
6:15 of 1st period - Stopped by Kevin Poulin without a rebound.
6:16 of 1st period - Cody Hodgson wins face-off versus Wojtek Wolski in Bruins zone.
6:51 of 1st period - Wrist shot by Ryan Johansen.
6:51 of 1st period - Stopped by Kevin Poulin with a rebound.
6:53 of 1st period - Slapshot by Ladislav Smid.
6:53 of 1st period - Stopped by Kevin Poulin with a rebound.
7:58 of 1st period - Icing by Torey Krug.
7:59 of 1st period - Ryan Johansen wins face-off versus Jonathan Toews in Bruins zone.
8:00 of 1st period - Slapshot by Johnny Gaudreau.
8:00 of 1st period - Shot Blocked by Wojtek Wolski.
8:29 of 1st period - Off-side.
8:30 of 1st period - Nikita Kucherov wins face-off versus Dave Bolland in neutral zone.
8:44 of 1st period - Wrist shot by Jaden Schwartz.
8:44 of 1st period - Stopped by Kevin Poulin with a rebound.
8:46 of 1st period - Slapshot by Carl Gunnarsson.
8:46 of 1st period - Shot Misses the Net.
9:23 of 1st period - Carl Gunnarsson is hit by Victor Oreskovich and loses puck.
9:38 of 1st period - Samuel Morin is hit by Kris Chucko and loses puck.
10:07 of 1st period - Rene Bourque is hit by Nikita Kucherov and loses puck.
11:01 of 1st period - Snap shot by Kellan Lain.
11:01 of 1st period - Deflect By Victor Oreskovich.
11:01 of 1st period - Stopped by Kevin Poulin without a rebound.
11:02 of 1st period - Cody Hodgson wins face-off versus Jonathan Toews in Bruins zone.
11:09 of 1st period - Wrist shot by Nathan Horton.
11:09 of 1st period - Shot Misses the Net.
11:11 of 1st period - Slapshot by Wojtek Wolski.
11:11 of 1st period - Shot Misses the Net.
11:13 of 1st period - Slapshot by Jason Demers.
11:13 of 1st period - Shot Misses the Net.
11:15 of 1st period - Slapshot by Nathan Horton.
11:15 of 1st period - Stopped by John Gibson without a rebound.
11:16 of 1st period - Cody Hodgson wins face-off versus Nathan Horton in Devils zone.
11:29 of 1st period - Jaden Schwartz is hit by Nathan Horton and loses puck.
11:42 of 1st period - Jason Demers is hit by Pernell Karl Subban.
12:04 of 1st period - Tyler Seguin is hit by Rene Bourque and loses puck.
12:49 of 1st period - Wrist shot by Nikita Kucherov.
12:49 of 1st period - Shot Blocked by Mike Ribeiro.
13:55 of 1st period - Snap shot by Dave Bolland.
13:55 of 1st period - Stopped by John Gibson with a rebound.
13:57 of 1st period - Snap shot by Johnny Boychuk.
13:57 of 1st period - Stopped by John Gibson without a rebound.
13:58 of 1st period - Jonathan Toews wins face-off versus Cody Hodgson in Devils zone.
14:58 of 1st period - Snap shot by Jaden Schwartz.
14:58 of 1st period - Shot Misses the Net.
15:00 of 1st period - Snap shot by Tobias Enstrom.
15:00 of 1st period - Stopped by Kevin Poulin without a rebound.
15:01 of 1st period - Ryan Johansen wins face-off versus Jonathan Toews in Bruins zone.
15:04 of 1st period - Snap shot by Johnny Gaudreau.
15:04 of 1st period - Stopped by Kevin Poulin without a rebound.
15:05 of 1st period - Jonathan Toews wins face-off versus Ryan Johansen in Bruins zone.
15:18 of 1st period - Snap shot by Nathan Horton.
15:18 of 1st period - Shot Misses the Net.
15:20 of 1st period - Slapshot by Jason Demers.
15:20 of 1st period - Stopped by John Gibson with a rebound.
15:22 of 1st period - Snap shot by Wojtek Wolski.
15:22 of 1st period - Goal by Wojtek Wolski - Devils : 0 - Bruins : 1.
15:23 of 1st period - Cody Hodgson wins face-off versus Jonathan Toews in neutral zone.
16:19 of 1st period - T.J Galiardi is hit by Kellan Lain.
16:25 of 1st period - Tyler Seguin is hit by Torey Krug and loses puck.
16:37 of 1st period - Icing by Samuel Morin.
16:38 of 1st period - Casey Cizikas wins face-off versus Tyler Bozak in Devils zone.
16:52 of 1st period - Snap shot by Anthony Stewart.
16:52 of 1st period - Shot Misses the Net.
16:54 of 1st period - Minor Penalty to Kevin Bieksa for Hooking.
16:55 of 1st period - Wojtek Wolski wins face-off versus Ryan Johansen in Bruins zone.
18:54 of 1st period - Penalty to Kevin Bieksa is over, Kevin Bieksa is back on ice.
19:27 of 1st period - Wrist shot by Mattias Tedenby.
19:27 of 1st period - Stopped by John Gibson with a rebound.
19:39 of 1st period - Rostislav Olesz is hit by Scott Hartnell and loses puck.
Goals for this period are 0 for Devils vs 1 for Bruins.
Shots for this period are 11 for Devils vs 10 for Bruins.

2nd period


0:01 of 2nd period - Cody Hodgson wins face-off versus Jonathan Toews in neutral zone.
0:27 of 2nd period - Shea Weber is hit by Victor Oreskovich and loses puck.
0:50 of 2nd period - Slapshot by Brendan Smith.
0:50 of 2nd period - Stopped by John Gibson with a rebound.
1:40 of 2nd period - Slapshot by Jaden Schwartz.
1:40 of 2nd period - Stopped by Kevin Poulin with a rebound.
1:43 of 2nd period - Icing by Torey Krug.
1:44 of 2nd period - Ryan Johansen wins face-off versus Jonathan Toews in Bruins zone.
2:02 of 2nd period - Ryan Johansen is hit by Wojtek Wolski and loses puck.
2:26 of 2nd period - Snap shot by Nathan Horton.
2:26 of 2nd period - Deflect By Wojtek Wolski.
2:26 of 2nd period - Shot Blocked by Shea Weber.
2:26 of 2nd period - Puck is out of play.
2:27 of 2nd period - Mike Ribeiro wins face-off versus Cody Hodgson in Devils zone.
2:41 of 2nd period - Minor Penalty to Jaden Schwartz for Holding.
2:42 of 2nd period - Rostislav Olesz wins face-off versus Jonathan Toews in Devils zone.
3:05 of 2nd period - Wrist shot by Nathan Horton.
3:05 of 2nd period - Deflect By Scott Hartnell.
3:05 of 2nd period - Shot Blocked by Pernell Karl Subban.
3:05 of 2nd period - Puck is out of play.
3:06 of 2nd period - Mike Ribeiro wins face-off versus Ryan Johansen in Devils zone.
4:01 of 2nd period - Slapshot by Pernell Karl Subban.
4:01 of 2nd period - Stopped by Kevin Poulin with a rebound.
4:39 of 2nd period - Wrist shot by Anthony Stewart.
4:39 of 2nd period - Shot Misses the Net.
4:41 of 2nd period - Penalty to Jaden Schwartz is over, Jaden Schwartz is back on ice.
5:19 of 2nd period - Snap shot by Mattias Tedenby.
5:19 of 2nd period - Shot Misses the Net.
5:21 of 2nd period - Slapshot by Kevin Bieksa.
5:21 of 2nd period - Shot Blocked by Tobias Enstrom.
6:05 of 2nd period - Carl Gunnarsson is hit by Wojtek Wolski.
6:47 of 2nd period - Icing by Pernell Karl Subban.
6:48 of 2nd period - Casey Cizikas wins face-off versus Tyler Seguin in Devils zone.
7:54 of 2nd period - Icing by Tyler Bozak.
7:55 of 2nd period - Mike Ribeiro wins face-off versus Tyler Bozak in Devils zone.
8:30 of 2nd period - Jaden Schwartz is hit by Wojtek Wolski and loses puck.
9:07 of 2nd period - Slapshot by Ladislav Smid.
9:07 of 2nd period - Shot Blocked by Scott Hartnell.
9:13 of 2nd period - Mike Ribeiro is hit by Ladislav Smid and loses puck.
10:15 of 2nd period - Off-side.
10:16 of 2nd period - Dave Bolland wins face-off versus Ryan Johansen in neutral zone.
10:18 of 2nd period - Minor Penalty to Dave Bolland for Goalie Interference.
10:19 of 2nd period - Wojtek Wolski wins face-off versus Ryan Johansen in Bruins zone.
10:27 of 2nd period - Wojtek Wolski is hit by Samuel Morin and loses puck.
10:38 of 2nd period - Nikita Kucherov is hit by Jason Demers and loses puck.
10:57 of 2nd period - Snap shot by Tyler Seguin.
10:57 of 2nd period - Stopped by Kevin Poulin with a rebound.
10:59 of 2nd period - Slapshot by Tyler Seguin.
10:59 of 2nd period - Stopped by Kevin Poulin without a rebound.
11:00 of 2nd period - Wojtek Wolski wins face-off versus Viktor Arvidsson in Bruins zone.
11:11 of 2nd period - Slapshot by Tobias Enstrom.
11:11 of 2nd period - Deflect By Viktor Arvidsson.
11:11 of 2nd period - Stopped by Kevin Poulin without a rebound.
11:12 of 2nd period - Ryan Johansen wins face-off versus Victor Oreskovich in Bruins zone.
12:18 of 2nd period - Penalty to Dave Bolland is over, Dave Bolland is back on ice.
12:21 of 2nd period - Snap shot by Nikita Kucherov.
12:21 of 2nd period - Stopped by Kevin Poulin without a rebound.
12:22 of 2nd period - Tyler Bozak wins face-off versus Mike Ribeiro in Bruins zone.
12:35 of 2nd period - Snap shot by Rostislav Olesz.
12:35 of 2nd period - Shot Blocked by Kevin Bieksa.
12:37 of 2nd period - Slapshot by Rostislav Olesz.
12:37 of 2nd period - Shot Misses the Net.
12:47 of 2nd period - Tyler Seguin is hit by Dave Bolland and loses puck.
12:54 of 2nd period - Wrist shot by T.J Galiardi.
12:54 of 2nd period - Shot Misses the Net.
12:56 of 2nd period - Slapshot by Brendan Smith.
12:56 of 2nd period - Stopped by John Gibson without a rebound.
12:57 of 2nd period - Jonathan Toews wins face-off versus Cody Hodgson in Devils zone.
12:58 of 2nd period - Wrist shot by Wojtek Wolski.
12:58 of 2nd period - Shot Misses the Net.
13:12 of 2nd period - Snap shot by Cody Hodgson.
13:12 of 2nd period - Shot Blocked by Jason Demers.
13:14 of 2nd period - Wrist shot by Cody Hodgson.
13:14 of 2nd period - Stopped by Kevin Poulin with a rebound.
13:28 of 2nd period - Wrist shot by Scott Hartnell.
13:28 of 2nd period - Stopped by John Gibson without a rebound.
13:29 of 2nd period - Ryan Johansen wins face-off versus Mike Ribeiro in Devils zone.
14:02 of 2nd period - Off-side.
14:03 of 2nd period - Mike Ribeiro wins face-off versus Cody Hodgson in neutral zone.
14:18 of 2nd period - Snap shot by Victor Oreskovich.
14:18 of 2nd period - Shot Blocked by Samuel Morin.
14:24 of 2nd period - Nikita Kucherov is hit by Victor Oreskovich and loses puck.
14:32 of 2nd period - Samuel Morin is hit by Brendan Smith.
14:34 of 2nd period - Snap shot by Jaden Schwartz.
14:34 of 2nd period - Stopped by Kevin Poulin without a rebound.
14:35 of 2nd period - Ryan Johansen wins face-off versus Jonathan Toews in Bruins zone.
14:39 of 2nd period - Minor Penalty to Wojtek Wolski for Holding.
14:40 of 2nd period - T.J Galiardi wins face-off versus Ryan Johansen in Bruins zone.
16:39 of 2nd period - Penalty to Wojtek Wolski is over, Wojtek Wolski is back on ice.
16:55 of 2nd period - Snap shot by Tyler Bozak.
16:55 of 2nd period - Stopped by Kevin Poulin without a rebound.
16:56 of 2nd period - Marian Hossa wins face-off versus Dave Bolland in Bruins zone.
17:13 of 2nd period - Minor Penalty to T.J Galiardi for Hooking.
17:14 of 2nd period - Ryan Johansen wins face-off versus Wojtek Wolski in Bruins zone.
17:19 of 2nd period - Snap shot by Ryan Johansen.
17:19 of 2nd period - Stopped by Kevin Poulin with a rebound.
17:21 of 2nd period - Snap shot by Johnny Gaudreau.
17:21 of 2nd period - Shot Misses the Net.
17:23 of 2nd period - Snap shot by Samuel Morin.
17:23 of 2nd period - Shot Blocked by Jason Demers.
17:25 of 2nd period - Slapshot by Samuel Morin.
17:25 of 2nd period - Goal by Samuel Morin - Devils : 1 - Bruins : 1.
17:26 of 2nd period - Cody Hodgson wins face-off versus Jonathan Toews in neutral zone.
17:35 of 2nd period - Wrist shot by Jaden Schwartz.
17:35 of 2nd period - Stopped by Kevin Poulin with a rebound.
17:37 of 2nd period - Snap shot by Nikita Kucherov.
17:37 of 2nd period - Stopped by Kevin Poulin without a rebound.
17:38 of 2nd period - Jonathan Toews wins face-off versus Cody Hodgson in Bruins zone.
18:01 of 2nd period - Minor Penalty to Nathan Horton for Hooking.
18:02 of 2nd period - Ryan Johansen wins face-off versus Wojtek Wolski in Bruins zone.
Goals for this period are 1 for Devils vs 0 for Bruins.
Shots for this period are 13 for Devils vs 3 for Bruins.

3rd period


0:01 of 3rd period - Penalty to Nathan Horton is over, Nathan Horton is back on ice.
0:01 of 3rd period - Wojtek Wolski wins face-off versus Ryan Johansen in neutral zone.
0:48 of 3rd period - Snap shot by Rostislav Olesz.
0:48 of 3rd period - Stopped by Kevin Poulin without a rebound.
0:49 of 3rd period - Casey Cizikas wins face-off versus Tyler Bozak in Bruins zone.
1:14 of 3rd period - Mattias Tedenby is hit by Rostislav Olesz and loses puck.
1:21 of 3rd period - Slapshot by Pernell Karl Subban.
1:21 of 3rd period - Stopped by Kevin Poulin without a rebound.
1:22 of 3rd period - Jonathan Toews wins face-off versus Jaden Schwartz in Bruins zone.
1:26 of 3rd period - Minor Penalty to Nikita Kucherov for Hooking.
1:27 of 3rd period - Jonathan Toews wins face-off versus Ryan Johansen in Devils zone.
1:27 of 3rd period - Snap shot by Wojtek Wolski.
1:27 of 3rd period - Stopped by John Gibson without a rebound.
1:27 of 3rd period - Minor Penalty to Wojtek Wolski for Roughing.
1:28 of 3rd period - Jonathan Toews wins face-off versus Cody Hodgson in Bruins zone.
1:43 of 3rd period - Snap shot by Dave Bolland.
1:43 of 3rd period - Stopped by John Gibson with a rebound.
1:45 of 3rd period - Snap shot by Jonathan Toews.
1:45 of 3rd period - Stopped by John Gibson without a rebound.
1:46 of 3rd period - Jonathan Toews wins face-off versus Cody Hodgson in Devils zone.
1:49 of 3rd period - Wrist shot by Jonathan Toews.
1:49 of 3rd period - Goal by Jonathan Toews - Devils : 1 - Bruins : 2.
1:50 of 3rd period - Cody Hodgson wins face-off versus Jonathan Toews in neutral zone.
1:52 of 3rd period - Off-side.
1:53 of 3rd period - Cody Hodgson wins face-off versus Jonathan Toews in neutral zone.
2:02 of 3rd period - Snap shot by Cody Hodgson.
2:02 of 3rd period - Stopped by Kevin Poulin with a rebound.
2:28 of 3rd period - Johnny Gaudreau is hit by Jonathan Toews.
2:40 of 3rd period - Snap shot by Jaden Schwartz.
2:40 of 3rd period - Deflect By T.J Galiardi.
2:40 of 3rd period - Stopped by Kevin Poulin without a rebound.
2:41 of 3rd period - Ryan Johansen wins face-off versus Dave Bolland in Bruins zone.
3:26 of 3rd period - Penalty to Nikita Kucherov is over, Nikita Kucherov is back on ice.
3:27 of 3rd period - Penalty to Wojtek Wolski is over, Wojtek Wolski is back on ice.
3:38 of 3rd period - Icing by Ladislav Smid.
3:39 of 3rd period - Mike Ribeiro wins face-off versus Anthony Stewart in Devils zone.
4:32 of 3rd period - Johnny Boychuk is hit by Marian Hossa and loses puck.
4:56 of 3rd period - Icing by Jaden Schwartz.
4:57 of 3rd period - Cody Hodgson wins face-off versus Mike Ribeiro in Devils zone.
5:04 of 3rd period - Slapshot by Pernell Karl Subban.
5:04 of 3rd period - Shot Blocked by Jason Demers.
5:14 of 3rd period - Tobias Enstrom is hit by Jason Demers and loses puck.
5:31 of 3rd period - Wrist shot by Mattias Tedenby.
5:31 of 3rd period - Shot Misses the Net.
5:33 of 3rd period - Wrist shot by Mattias Tedenby.
5:33 of 3rd period - Shot Misses the Net.
5:49 of 3rd period - Slapshot by Johnny Gaudreau.
5:49 of 3rd period - Stopped by Kevin Poulin with a rebound.
5:51 of 3rd period - Snap shot by Johnny Gaudreau.
5:51 of 3rd period - Stopped by Kevin Poulin with a rebound.
7:46 of 3rd period - Shea Weber is hit by Mike Ribeiro and loses puck.
8:03 of 3rd period - Johnny Boychuk is hit by Pernell Karl Subban and loses puck.
8:18 of 3rd period - Wojtek Wolski is hit by Cody Hodgson and loses puck.
8:52 of 3rd period - Kevin Bieksa is hit by Samuel Morin and loses puck.
10:00 of 3rd period - Slapshot by Dave Bolland.
10:00 of 3rd period - Shot Misses the Net.
10:02 of 3rd period - Snap shot by Dave Bolland.
10:02 of 3rd period - Stopped by John Gibson without a rebound.
10:03 of 3rd period - Nikita Kucherov wins face-off versus Jonathan Toews in Devils zone.
10:08 of 3rd period - Nikita Kucherov is hit by Brendan Smith and loses puck.
10:15 of 3rd period - Wrist shot by Nathan Horton.
10:15 of 3rd period - Deflect By Jaden Schwartz.
10:15 of 3rd period - Stopped by John Gibson with a rebound.
10:19 of 3rd period - Wrist shot by Jonathan Toews.
10:19 of 3rd period - Stopped by John Gibson with a rebound.
10:49 of 3rd period - Slapshot by Brendan Smith.
10:49 of 3rd period - Shot Blocked by Ladislav Smid.
10:51 of 3rd period - Snap shot by Casey Cizikas.
10:51 of 3rd period - Shot Blocked by Tobias Enstrom.
11:13 of 3rd period - Snap shot by Wojtek Wolski.
11:13 of 3rd period - Stopped by John Gibson without a rebound.
11:14 of 3rd period - Cody Hodgson wins face-off versus Jonathan Toews in Devils zone.
11:23 of 3rd period - Wrist shot by Jonathan Toews.
11:23 of 3rd period - Shot Misses the Net.
11:25 of 3rd period - Snap shot by Nathan Horton.
11:25 of 3rd period - Stopped by John Gibson without a rebound.
11:26 of 3rd period - Jonathan Toews wins face-off versus Cody Hodgson in Devils zone.
11:27 of 3rd period - Snap shot by Wojtek Wolski.
11:27 of 3rd period - Deflect By Nathan Horton.
11:27 of 3rd period - Stopped by John Gibson without a rebound.
11:28 of 3rd period - Cody Hodgson wins face-off versus Nathan Horton in Devils zone.
12:29 of 3rd period - Wrist shot by T.J Galiardi.
12:29 of 3rd period - Goal by T.J Galiardi - Devils : 1 - Bruins : 3.
12:30 of 3rd period - Jonathan Toews wins face-off versus Cody Hodgson in neutral zone.
12:33 of 3rd period - Slapshot by Jason Demers.
12:33 of 3rd period - Shot Blocked by Tobias Enstrom.
12:35 of 3rd period - Snap shot by Jonathan Toews.
12:35 of 3rd period - Shot Blocked by Cody Hodgson.
12:37 of 3rd period - Wrist shot by Jonathan Toews.
12:37 of 3rd period - Stopped by John Gibson without a rebound.
12:38 of 3rd period - Cody Hodgson wins face-off versus Jonathan Toews in Devils zone.
12:38 of 3rd period - Cody Hodgson is hit by Jonathan Toews.
13:22 of 3rd period - Snap shot by Jaden Schwartz.
13:22 of 3rd period - Stopped by Kevin Poulin with a rebound.
13:42 of 3rd period - Snap shot by Wojtek Wolski.
13:42 of 3rd period - Deflect By Jonathan Toews.
13:42 of 3rd period - Stopped by John Gibson without a rebound.
13:43 of 3rd period - Mike Ribeiro wins face-off versus Viktor Arvidsson in Devils zone.
13:46 of 3rd period - Wrist shot by Scott Hartnell.
13:46 of 3rd period - Deflect By Mike Ribeiro.
13:46 of 3rd period - Stopped by John Gibson without a rebound.
13:47 of 3rd period - Ryan Johansen wins face-off versus Mike Ribeiro in Devils zone.
13:47 of 3rd period - Ryan Johansen is hit by Mike Ribeiro.
14:44 of 3rd period - Snap shot by Rene Bourque.
14:44 of 3rd period - Shot Misses the Net.
15:30 of 3rd period - Wrist shot by Wojtek Wolski.
15:30 of 3rd period - Shot Misses the Net.
15:32 of 3rd period - Wrist shot by Nathan Horton.
15:32 of 3rd period - Stopped by John Gibson without a rebound.
15:33 of 3rd period - Jonathan Toews wins face-off versus Cody Hodgson in Devils zone.
16:44 of 3rd period - Snap shot by Jonathan Toews.
16:44 of 3rd period - Stopped by John Gibson with a rebound.
16:46 of 3rd period - Slapshot by Brendan Smith.
16:46 of 3rd period - Stopped by John Gibson with a rebound.
16:48 of 3rd period - Slapshot by Brendan Smith.
16:48 of 3rd period - Deflect By Cody Hodgson.
16:48 of 3rd period - Stopped by John Gibson without a rebound.
16:49 of 3rd period - Mike Ribeiro wins face-off versus Cody Hodgson in Devils zone.
17:03 of 3rd period - Off-side.
17:04 of 3rd period - Dave Bolland wins face-off versus Tyler Seguin in neutral zone.
17:07 of 3rd period - Slapshot by Jason Demers.
17:07 of 3rd period - Stopped by John Gibson with a rebound.
17:34 of 3rd period - Snap shot by Jonathan Toews.
17:34 of 3rd period - Deflect By Wojtek Wolski.
17:34 of 3rd period - Stopped by John Gibson without a rebound.
17:35 of 3rd period - Jonathan Toews wins face-off versus Marian Hossa in Devils zone.
17:36 of 3rd period - Wrist shot by Wojtek Wolski.
17:36 of 3rd period - Stopped by John Gibson without a rebound.
17:37 of 3rd period - Tyler Seguin wins face-off versus Dave Bolland in Devils zone.
17:42 of 3rd period - Torey Krug is hit by Pernell Karl Subban and loses puck.
17:47 of 3rd period - Snap shot by Tyler Seguin.
17:47 of 3rd period - Deflect By Kellan Lain.
17:47 of 3rd period - Shot Blocked by T.J Galiardi.
17:47 of 3rd period - Puck is out of play.
17:48 of 3rd period - Tyler Seguin wins face-off versus Dave Bolland in Bruins zone.
17:57 of 3rd period - Backhand shot by Tyler Seguin.
17:57 of 3rd period - Stopped by Kevin Poulin without a rebound.
17:58 of 3rd period - Dave Bolland wins face-off versus Tyler Seguin in Bruins zone.
18:15 of 3rd period - Snap shot by Tyler Seguin.
18:15 of 3rd period - Stopped by Kevin Poulin with a rebound.
18:17 of 3rd period - Snap shot by Tyler Seguin.
18:17 of 3rd period - Shot Blocked by Brendan Smith.
18:29 of 3rd period - Snap shot by Kellan Lain.
18:29 of 3rd period - Shot Blocked by Dave Bolland.
18:31 of 3rd period - Slapshot by Shea Weber.
18:31 of 3rd period - Deflect By Marian Hossa.
18:31 of 3rd period - Shot Misses the Net.
18:31 of 3rd period - Puck is out of play.
18:32 of 3rd period - Jonathan Toews wins face-off versus Cody Hodgson in Bruins zone.
18:34 of 3rd period - Minor Penalty to Wojtek Wolski for Holding.
18:35 of 3rd period - Ryan Johansen wins face-off versus T.J Galiardi in Bruins zone.
18:47 of 3rd period - Snap shot by Ryan Johansen.
18:47 of 3rd period - Shot Blocked by Jason Demers.
18:49 of 3rd period - Wrist shot by Johnny Gaudreau.
18:49 of 3rd period - Goal by Johnny Gaudreau - Devils : 2 - Bruins : 3.
18:50 of 3rd period - Johnny Gaudreau wins face-off versus Jonathan Toews in neutral zone.
18:53 of 3rd period - Devils, John Gibson is pulled from the net.
19:19 of 3rd period - Wrist shot by Johnny Gaudreau.
19:19 of 3rd period - Stopped by Kevin Poulin without a rebound.
19:20 of 3rd period - Jacques Lemaire call a timeout for Devils.
19:20 of 3rd period - Cody Hodgson wins face-off versus Jonathan Toews in Bruins zone.
19:23 of 3rd period - Wrist shot by Johnny Gaudreau.
19:23 of 3rd period - Stopped by Kevin Poulin with a rebound.
19:25 of 3rd period - Slapshot by Cody Hodgson.
19:25 of 3rd period - Shot Misses the Net.
19:41 of 3rd period - Wrist shot by Viktor Arvidsson.
19:41 of 3rd period - Stopped by Kevin Poulin with a rebound.
19:43 of 3rd period - Snap shot by Pernell Karl Subban.
19:43 of 3rd period - Stopped by Kevin Poulin without a rebound.
19:44 of 3rd period - Viktor Arvidsson wins face-off versus Jonathan Toews in Bruins zone.
Goals for this period are 1 for Devils vs 2 for Bruins.
Shots for this period are 14 for Devils vs 21 for Bruins.